 Dungeon Crawl Stone Soup version 0.30.1-3-gfc49f6343a (webtiles) character file.

Game seed: 2099921348229229784

1575 spardeous the Conjurer (level 8, -7/57 HPs)
             Began as a Demigod Conjurer on Aug 3, 2023.
             Killed by divine providence
             ... invoked by an orc priest
              (14 damage)
             ... on level 6 of the Dungeon.
             The game lasted 00:09:10 (7569 turns).

spardeous the Conjurer (Demigod Conjurer)           Turns: 7569, Time: 00:09:11

Health: -7/57      AC:  7    Str:  8    XL:     8   Next: 34%
Magic:  2/18       EV: 12    Int: 28    God:
Gold:   291        SH:  0    Dex: 12    Spells: 9/16 levels left

rFire   . . .        s - +0 hand axe (vamp)
rCold   . . .        (no shield)
rNeg    . . .        q - +2 robe {Will+}
rPois   .            v - +2 hat
rElec   .            (no cloak)
rCorr   .            r - +0 pair of gloves
SInv    .            (no boots)
Will    +....        (no amulet)
Stlth   ++           (no ring)
HPRegen 0.29/turn    (no ring)
MPRegen 0.16/turn

%: no passive effects
@: no status effects
A: high MP 1, forlorn, divine attributes
a: no special abilities


You were on level 6 of the Dungeon.
You visited 1 branch of the dungeon, and saw 6 of its levels.
You also visited: Ossuary.

You collected 291 gold pieces.

Inventory:

Hand Weapons
 s - a +0 vampiric hand axe (weapon)
Armour
 q - a +2 robe of willpower (worn)
 r - a +0 pair of gloves (worn)
 v - a +2 hat (worn)
 w - a +0 helmet
Jewellery
 t - a ring of fire
Wands
 p - a wand of iceblast (9)
 B - a wand of paralysis (11)
 F - a wand of quicksilver (16)
Scrolls
 d - 7 scrolls of teleportation {unknown}
 e - 3 scrolls of blinking {unknown}
 f - a scroll of silence {unknown}
 h - a scroll of acquirement {unknown}
 i - 7 scrolls of identify {unknown}
 l - 2 scrolls of summoning {unknown}
 m - a scroll of enchant armour {unknown}
 o - a scroll of magic mapping {unknown}
 x - a scroll of amnesia {unknown}
 y - 2 scrolls of brand weapon {unknown}
 A - 3 scrolls of poison {unknown}
 E - a scroll of fear {unknown}
Potions
 a - 3 potions of degeneration {unknown}
 b - 3 potions of magic
 c - 5 potions of heal wounds {unknown}
 g - 3 potions of lignification {unknown}
 j - 3 potions of brilliance {unknown}
 k - a potion of cancellation {unknown}
 n - 4 potions of mutation {unknown}
 u - a potion of might {unknown}
 z - 2 potions of curing {unknown}
 C - a potion of haste {unknown}
 D - 3 potions of ambrosia {unknown}
 G - a potion of attraction {unknown}
 H - a potion of berserk rage {unknown}


   Skills:
 - Level 1.7 Dodging
 - Level 1.7 Stealth
 - Level 4.5 Spellcasting
 + Level 6.7 Conjurations
 + Level 6.5 Translocations


You had 9 spell levels left.
You knew the following spells:

 Your Spells              Type           Power      Damage    Failure   Level
a - Magic Dart            Conj           100%       1d8       1%          1
b - Searing Ray           Conj           88%        2d7       1%          2
c - Iskenderun's Mystic   Conj/Tloc      43%        2d10      4%          4

Your spell library contained the following spells:

 Spells                   Type           Power      Damage    Failure   Level
 Dazzling Flash           Conj/Hex       50%        N/A       5%          3
 Summon Small Mammal      Summ           24%        N/A       7%          1
 Fulminant Prism          Conj/Hex       12%        3d9       17%         4
 Sticky Flame             Conj/Fire      25%        2d5       17%         4
 Call Canine Familiar     Summ           6%         N/A       22%         3
 Ignite Poison            Fire/Tmut/Pois 6%         N/A       22%         3
 Ozocubu's Armour         Ice            6%         N/A       22%         3
 Summon Guardian Golem    Hex/Summ       6%         N/A       22%         3
 Ozocubu's Refrigeration  Ice            3%         4d8       100%        7
 Ignition                 Fire           3%         3d4       100%        8


Dungeon Overview and Level Annotations

Branches:
Dungeon (6/15)             Temple (0/1) D:6         Ossuary (visited)

Shops:
D:2 =   D:6 *


Innate Abilities, Weirdness & Mutations

You have an increased reservoir of magic. (+10% MP)
You shall have no god before yourself.
Your divine heritage dramatically boosts your attributes as you level up.


Message History

The orc warrior is severely wounded.
You now have 12/18 mp.
Casting: Iskenderun's Mystic Blast (dangerous; 4% risk of failure)
Confirm with . or Enter, or press ? or * to list all spells.
You erupt in a blast of force!
The mystic blast hits the orc warrior!
The orc warrior is almost dead.
The orc warrior is knocked back by the mystic blast.
The orc warrior slams into the rock wall!
You now have 9/18 mp.
Casting: Iskenderun's Mystic Blast (dangerous; 4% risk of failure)
Confirm with . or Enter, or press ? or * to list all spells.
You erupt in a blast of force!
The mystic blast hits the orc warrior!
You kill the orc warrior!
You now have 5/18 mp.
Casting: Iskenderun's Mystic Blast (dangerous; 4% risk of failure)
Confirm with . or Enter, or press ? or * to list all spells.
You erupt in a blast of force!
The mystic blast hits the orc priest.
The orc priest is moderately wounded.
The orc priest is knocked back by the mystic blast.
The orc priest slams into the rock wall!
The orc priest is severely wounded.
You now have 1/18 mp.
The orc priest invokes the aid of Beogh against you.
Beogh smites you!
* * * LOW HITPOINT WARNING * * *
You take 13 damage, and have 19/57 hp.
MASSIVE DAMAGE!!
You barely miss the orc priest.
The orc priest is severely wounded.
The orc priest calls down the wrath of Beogh upon you.
Beogh smites you!
* * * LOW HITPOINT WARNING * * *
You take 15 damage, and have 4/57 hp.
MASSIVE DAMAGE!!
You closely miss the orc priest.
The orc priest is severely wounded.
The orc priest closely misses you.
You hit the orc priest.
You feel better.
The orc priest is almost dead.
The orc priest calls down the wrath of Beogh upon you.
Beogh smites you!
You die...

#.# #.#.#.#..####.#
####.########.#....<.....o.
#..........##.###.....#####
#.##.#####.##.......o##
#.##.#####.#######...#
#.##....<..# #...#
#.#######..# #...# #.# #..#
#...# #.# #.@# #####...#
###
#.#######.o###.......####..
#...............o.........~
##############.###.####.#~~
#.# #.# #.#ยงยง #.#
#.####..~~ #.# #........~
#.# #..#####.. ####.###..#
###


You could see an orc priest.

Vanquished Creatures
  Menkaure (Ossuary)
  Duvessa (D:5)
  An orc warrior (D:6)
  An ogre (D:4)
  A kobold brigand (D:6)
  A bullfrog (D:6)
  4 scorpions
  Dowan (D:5)
  A centaur zombie (Ossuary)
  3 orc priests (D:5)
  2 hounds
  An iguana (D:6)
  5 orc wizards
  4 ogre zombies (Ossuary)
  6 mummies (Ossuary)
  Robin (D:3)
  5 adders
  3 gnolls (D:5)
  A shadow imp (D:6)
  3 white imps (D:6)
  2 adder zombies (Ossuary)
  A worm (D:3)
  A dart slug (D:1)
  21 orcs
  4 ball pythons
  7 endoplasms
  6 giant cockroaches
  A gnoll zombie (Ossuary)
  13 goblins
  15 hobgoblins
  8 jackals
  5 quokkas
  3 bats
  3 frilled lizards
  5 goblin zombies
  3 hobgoblin zombies (Ossuary)
  9 kobolds
  8 kobold zombies (Ossuary)
  5 quokka zombies
  4 rats
  3 rat zombies (Ossuary)
173 creatures vanquished.

Notes
Turn   | Place    | Note
-------+----------+-------------------------------------------
     0 | D:1      | spardeous the Demigod Conjurer began the quest for the Orb.
     0 | D:1      | Reached XP level 1. HP: 14/14 MP: 5/5
     1 | D:1      | Noticed an electric eel
   445 | D:1      | Reached XP level 2. HP: 20/20 MP: 3/7
  1209 | D:2      | Found Oteul's Jewellery Boutique.
  1259 | D:2      | Reached XP level 3. HP: 26/26 MP: 4/9
  2198 | D:3      | Learned a level 2 spell: Searing Ray
  2519 | D:3      | Reached XP level 4. HP: 33/33 MP: 7/11
  3017 | D:4      | Noticed Robin
  3143 | D:3      | Killed Robin
  3243 | D:4      | Learned a level 4 spell: Iskenderun's Mystic Blast
  3315 | D:4      | Reached skill level 5 in Conjurations
  3315 | D:4      | Reached XP level 5. HP: 38/38 MP: 4/13
  3521 | D:4      | Noticed an ogre
  3528 | D:4      | Killed an ogre
  3908 | D:5      | Entered Level 5 of the Dungeon
  3917 | D:5      | Reached XP level 6. HP: 45/45 MP: 7/15
  3934 | D:5      | Found a sand-covered staircase.
  3965 | Ossuary  | Entered an ossuary
  4808 | Ossuary  | Noticed Menkaure
  4819 | Ossuary  | Killed Menkaure
  4820 | Ossuary  | Reached XP level 7. HP: 17/50 MP: 6/17
  5912 | D:5      | Noticed Dowan
  5913 | D:5      | Noticed Duvessa
  5930 | D:5      | Killed Dowan
  5934 | D:5      | Killed Duvessa
  5935 | D:5      | Reached skill level 5 in Translocations
  6703 | D:6      | Found Kenayn's Mass Market.
  6764 | D:6      | Found a staircase to the Ecumenical Temple.
  7047 | D:6      | Reached XP level 8. HP: 43/57 MP: 11/18
  7569 | D:6      | Killed from afar by an orc priest

Illustrated notes

Levels and vault maps discovered:
D:1:      arrival_aquarium_a, layout_basic
D:2:      layout_rooms, ebering_ecumenical_altar_petrified, serial_shops, shop,
          kennysheep_generic_room_3
D:3:      layout_loops_ring, nicolae_concentric_dashed_squares_wild
D:4:      layout_cave_pools, uniq_robin
D:5:      layout_basic, minitemple, enter_ossuary_4,
          hangedman_abyss_or_decor_slice, uniq_duvessa
D:6:      layout_loops_ring, tso_oasis_becter, minmay_temple_entry_mist,
          minmay_shop_mass

Skill      XL: |  1  2  3  4  5  6  7  8 |
---------------+-------------------------+-----
Spellcasting   | 2 3 4 |  4.5
Conjurations   | 4 5 6 |  6.7
Translocations | 2 5 6 |  6.5
Dodging        | |  1.7
Stealth        | |  1.7

Action                     |  1- 3 |  4- 6 |  7- 9 || total
---------------------------+-------+-------+-------++-------
  Melee: Unarmed           |     7 |       |       ||     7
         Hand axe          |       |    16 |    36 ||    52
   Cast: Magic Dart        |   123 |    92 |   106 ||   321
         Searing Ray       |       |    21 |    28 ||    49
         Iskenderun's Myst |       |       |     4 ||     4
 Armour: Robe              |    13 |    29 |    45 ||    87
  Dodge: Dodged            |    33 |    57 |   101 ||   191
